Map: Ulrena

Players

zidar

  • Race: Zerg Zerg
  • League: Gold
  • Spawn Location: 7:00

RoachRider - Winner!

  • Race: Zerg Zerg
  • League: Gold
  • Spawn Location: 11:00

VOD

Have the link to the VOD?

Description

Time

  • Played on: May 18, 2016, 3:36 p.m.
  • Length: 12:46
Show
View Real Time Build Order
Export as new Build Order

zidar Zerg 

Build Orders: Pool First 

Get SALT Encoding   

  12  0:01  Drone  
  13  0:23  Spawning Pool  
  13  0:26  Drone  
  13  0:30  Extractor  
  13  0:33  Drone  
  13  0:37  Drone  
  14  0:46  Overlord  
  14  1:11  Queen, Zergling x2  
  15  1:13  Zergling x2  
  15  1:17  Zergling x2  
  19  1:24  Zergling x2  
  20  1:32  Metabolic Boost  
  20  1:35  Zergling x2  
  21  1:45  Zergling x2  
  22  2:08  Overlord  
  22  2:09  Overlord  
  18  2:29  Zergling x2  
  19  2:30  Zergling x2  
  20  2:40  Zergling x2  
  19  3:01  Hatchery  
  18  3:08  Zergling x4  
  19  3:20  Zergling x8  
  23  3:30  Baneling Nest  
  22  3:38  Queen  
  24  3:56  Drone x3  
  27  4:25  Drone x5  
  27  4:28  Baneling x3  
  32  4:40  Lair  
  32  4:54  Drone x3  
  32  4:55  Drone  
  36  5:05  Extractor  
  35  5:42  Spire  
  35  5:49  Extractor  
  33  5:51  Extractor  
  32  5:57  Pneumatized Carapace  
  32  6:06  Overlord x2  
  32  6:16  Drone  
  33  6:19  Drone x3  
  36  6:28  Drone x10  
  36  6:31  Overlord  
  46  6:55  Mutalisk x3  
  46  6:56  Mutalisk  
  46  7:01  Mutalisk  
  54  7:05  Mutalisk  
  58  7:10  Mutalisk  
  44  7:56  Mutalisk x6  
  52  8:52  Zergling x2  
  52  8:53  Zergling x18  
  56  9:11  Zergling x8  
  52  9:33  Zergling x2  
  52  9:34  Zergling x6  
  45  9:53  Zergling x6  
  44  10:11  Zergling x8  
  48  10:18  Zergling x6  
  35  10:51  Zergling x6  
  35  10:52  Zergling x20  
  32  11:17  Overseer  
  32  11:21  Zergling x18  
  41  11:31  Queen  
  43  11:36  Overlord  
  43  11:37  Overlord x2  
  28  12:10  Drone  
  28  12:11  Drone x5  
  34  12:27  Zergling x6  
Show
View Real Time Build Order
Export as new Build Order

RoachRider Zerg - Winner!

Build Orders: Pool First 

Get SALT Encoding   

  12  0:01  Drone  
  13  0:15  Overlord  
  13  0:21  Drone  
  14  0:24  Extractor  
  14  0:25  Drone  
  15  0:35  Drone  
  16  0:46  Spawning Pool  
  16  0:47  Drone  
  16  0:50  Extractor  
  16  0:52  Drone  
  16  1:02  Drone  
  17  1:22  Hatchery  
  16  1:27  Drone  
  16  1:30  Drone  
  18  1:38  Zergling x2  
  19  1:43  Spine Crawler  
  18  1:51  Queen  
  20  1:59  Zergling x4  
  22  2:08  Overlord  
  18  2:28  Zergling x4  
  20  2:33  Queen  
  21  2:46  Zergling x6  
  23  3:00  Queen  
  25  3:18  Metabolic Boost  
  25  3:36  Drone x2  
  25  3:37  Drone x6  
  33  3:59  Extractor  
  33  4:00  Extractor  
  33  4:01  Overlord x2  
  31  4:19  Roach Warren  
  31  4:23  Drone  
  31  4:24  Drone x3  
  33  4:25  Drone x2  
  36  4:54  Roach Warren  
  36  4:59  Lair  
  36  5:10  Overlord x2  
  36  5:17  Drone x6  
  36  5:18  Drone  
  43  5:23  Hatchery  
  42  5:30  Evolution Chamber  
  42  5:32  Evolution Chamber  
  42  5:33  Drone x2  
  42  5:34  Drone  
  43  6:11  Roach x4  
  45  6:12  Roach x4  
  45  6:15  Glial Reconstitution  
  45  6:17  Zerg Missile Weapons Level 1  
  59  6:23  Overseer  
  59  7:07  Roach x3  
  59  7:32  Roach x5  
  55  7:49  Overlord  
  55  7:50  Overlord x2  
  53  7:55  Hydralisk Den  
  53  7:57  Spore Crawler  
  47  7:59  Queen  
  47  8:00  Spore Crawler  
  47  8:03  Spore Crawler  
  47  8:11  Zerg Melee Weapons Level 1  
  47  8:18  Zerg Missile Weapons Level 2  
  47  8:20  Spore Crawler  
  46  8:27  Burrow  
  46  8:45  Overlord x4  
  46  8:46  Muscular Augments  
  38  9:06  Drone x5  
  38  9:07  Hydralisk  
  38  9:08  Hydralisk x7  
  59  9:15  Queen  
  54  9:26  Zergling x2  
  54  9:27  Zergling x4  
  48  9:53  Drone  
  48  9:54  Drone x5  
  54  10:06  Zerg Ground Armor Level 1  
  48  10:56  Hydralisk x7  
  40  11:15  Zergling x2  
  40  11:16  Zergling x34  
  28  12:03  Hydralisk  
  28  12:04  Zergling x2  
  28  12:05  Zergling x32  
Tags
 
League
GoldGold
Matchup
ZvZ
Race
Zerg
Spawn Locations
Close Positions
Add a new tag
Caveats
  • Supply blocks, unpowered buildings, or Contaminate may cause inaccurate times.
  • Supply counts are checked every 10 seconds.